 Dungeon Crawl Stone Soup version 0.17.0-24-gcfadda4 (webtiles) character file.

190756 SevInf the Tortoise (level 17, -4/163 HPs)
             Began as a Minotaur Berserker on Nov 7, 2015.
             Was the Champion of Trog.
             Drowned by a drowned soul (17 damage)
             ... summoned by a merfolk avatar
             ... on level 1 of the Shoals on Nov 15, 2015.
             The game lasted 05:40:22 (39903 turns).

SevInf the Tortoise (Minotaur Berserker)           Turns: 39903, Time: 05:40:22

Health: -4/163     AC: 37    Str: 31    XL:     17   Next: 55%
Magic:  32/32      EV:  8    Int:  5    God:    Trog [******]
Gold:   976        SH:  0    Dex: 11    Spells: 0 memorised, 16 levels left

rFire  + . .     SeeInvis .     b - +12 battleaxe of Honesty {pain, rElec}
rCold  + + .     Clarity  .     f - +0 crystal plate armour {rC+}
rNeg   . . .     SustAt   .     (shield currently unavailable)
rPois  +         Gourm    .     (helmet restricted)
rElec  +         Spirit   .     y - +2 cloak
rCorr  .         Warding  .     d - +2 pair of gloves of Peek-a-Boo {*Confuse rC+ MP+9 Stlth+}
rMut   .         Stasis   .     K - +1 pair of boots
MR     +++..                    k - amulet "Vothremp" {Faith rF+ Str+4}
Stlth  ..........               x - ring of flight
                                u - ring of poison resistance

@: flying (expiring), mesmerised, regenerating, extremely resistant to hostile
enchantments, extremely unstealthy
A: retaliatory headbutt, horns 2
a: Berserk, Trog's Hand, Brothers in Arms, Burn Spellbooks, Renounce Religion,
Stop Flying
}: 1/15 runes: serpentine


You were on level 1 of the Shoals.
You worshipped Trog.
Trog was exalted by your worship.
You were not hungry.

You visited 5 branches of the dungeon, and saw 28 of its levels.
You also visited: Labyrinth and Ice Cave.

You collected 3563 gold pieces.
You spent 2587 gold pieces at shops.

Inventory:

Hand Weapons
 a - the +11 battleaxe of the Madman {flame, Str+4}
   (You found it on level 10 of the Dungeon)

   It has been specially enchanted to burn those struck by it, causing extra
   injury to most foes and up to half again as much damage against particularly
   susceptible opponents.
   Big, fiery blades are also staple armaments of hydra-hunters.
   It affects your strength (+4).
 b - the +12 battleaxe of Honesty (weapon) {pain, rElec}
   (You found it in a labyrinth)

   In the hands of one skilled in necromantic magic, it inflicts extra damage on
   living creatures.
   It insulates you from electricity.
Missiles
 z - 6 poisoned javelins
 G - 8 javelins of returning
 Q - 3 tomahawks of returning (quivered)
Armour
 d - the +2 pair of gloves of Peek-a-Boo (worn) {*Confuse rC+ MP+9 Stlth+}
   (You took it off Nikola on level 1 of the Snake Pit)

   It protects you from cold.
   It affects your magic capacity (+9).
   It may confuse you when you take damage.
   It makes you more stealthy.
 f - a +0 crystal plate armour of cold resistance (worn)
 y - a +2 cloak (worn)
 K - a +1 pair of boots (worn)
 S - a +1 cloak of invisibility
Jewellery
 k - the amulet "Vothremp" (around neck) {Faith rF+ Str+4}
   (You acquired it on level 1 of the Orcish Mines)

   [amulet of faith]

   It allows you to gain divine favour quickly.
   It affects your strength (+4).
   It protects you from fire.
 q - an uncursed ring of invisibility
 u - a ring of poison resistance (left hand)
 x - a ring of flight (right hand)
 E - an uncursed ring of protection from magic
Wands
 j - a wand of paralysis (9)
 o - a wand of confusion (17)
 s - a wand of frost (15)
 w - a wand of frost (30)
 F - a wand of draining (3)
 H - a wand of draining (0)
 M - a wand of teleportation (2)
 U - a wand of disintegration (11)
 W - a wand of magic darts (9)
 X - a wand of slowing (24)
 Y - a wand of cold (9)
 Z - a wand of magic darts (7)
Scrolls
 g - 3 scrolls of identify
 l - 2 scrolls of fear
 m - 5 scrolls of remove curse
 r - 4 scrolls of teleportation
 t - a scroll of brand weapon
 A - 2 scrolls of recharging
 D - a scroll of holy word
 I - a scroll of fog
 J - a scroll of silence
 N - a scroll of magic mapping
 V - 2 scrolls of enchant armour
Potions
 e - 2 potions of heal wounds
 i - 4 potions of curing
 v - a potion of resistance
 B - a potion of flight
Comestibles
 c - 10 bread rations
 h - a meat ration
 n - 2 royal jellies
 p - 5 chunks of flesh
 C - 3 fruits


   Skills:
 + Level 18.1 Fighting
 + Level 19.7 Axes
 + Level 8.6 Throwing
 * Level 19.8 Armour
 - Level 2.1 Dodging
 - Level 10.0 Evocations


You had 16 spell levels left.
You didn't know any spells.

Dungeon Overview and Level Annotations

Branches:
Dungeon (11/15)            Temple (0/1) D:7            Lair (8/8) D:11
 Shoals (1/4) Lair:5        Snake (4/4) Lair:5        Slime (0/6) Lair:7
    Orc (4/4) D:11            Elf (0/3) Orc:3

Altars:
Ashenzari
Elyvilon
Nemelex Xobeh
Trog
Xom
Yredelemnul
Zin
Beogh

Shops:
D:5 %   D:8 %   Orc:1 ?   Orc:4 }([[   Snake:4 ==[=


Innate Abilities, Weirdness & Mutations

You reflexively headbutt those who attack you in melee.
You have a pair of horns on your head.


Message History

You feel slightly more hungry.
The merfolk avatar chants its luring song.
The drowned soul touches you. The drowned soul drowns you!
* * * LOW HITPOINT WARNING * * *
You barely miss the drowned soul. The drowned soul touches you.
The drowned soul drowns you!
* * * LOW HITPOINT WARNING * * *
Evoke which item? (* to show all) (? for menu, Esc to quit)
Zapping:
F - a wand of draining (4)
Press: ? - help, Shift-Dir - straight line, f - merfolk avatar
Aim: a merfolk avatar (water, mesmerising)
The bolt of negative energy hits the merfolk avatar.
The merfolk avatar is drained!
The merfolk avatar is lightly wounded.
This wand has 3 charges left.
The merfolk avatar chants its luring song.
You slash the drowned soul! Your headbutt misses the drowned soul.
The drowned soul is almost destroyed.
The drowned soul touches you. The drowned soul drowns you!
You die...

#....#.
≈........###..####P...#.
≈≈...P..P...P..P.P....#.
≈≈≈≈≈≈........P.P.PP....
≈≈≈≈≈≈≈...P...PP.....##.
.≈≈≈≈≈W≈P.PP# .P### ##.
.≈≈≈≈≈≈≈P..# #.#####..
.≈≈≈≈≈≈≈..P# ###.#......
..≈≈≈m≈@...# #P.........
...≈≈≈...).###.....#####
........††.#...≈...#
.........††#.≈≈≈≈PP#
.............≈≈≈P≈≈....
............≈.≈≈P≈≈≈≈.≈≈
...........≈≈.P≈P≈≈P≈≈≈≈
..........≈≈≈≈≈P≈≈≈≈≈≈≈≈
≈≈≈≈≈..≈≈≈≈≈≈≈≈≈≈≈≈P≈≈≈


You could see a merfolk avatar and a drowned soul.

Vanquished Creatures
  Nikola (Snake:1)
  Gastronok (Lair:2)
  The ghost of deszczowiec the Thaumaturge, an adept DsWz of Qazlal (Snake:1)
  7 greater nagas
  Donald (Shoals:1)
  Aizul (Snake:1)
  Louise (Snake:1)
  A merfolk impaler (Shoals:1)
  A fire dragon (Lair:8)
  The ghost of ldierk the Reanimator, a journeyman DDNe of Makhleb (D:11)
  Fannar (Orc:1)
  Harold (D:11)
  18 naga warriors
  12 hydras
  An alligator snapping turtle (Shoals:1)
  2 merfolk aquamancers (Shoals:1)
  A merfolk avatar (Shoals:1)
  13 anacondas
  8 death yaks
  6 naga sharpshooters
  An alligator (Shoals:1)
  4 shock serpents
  Sonja (Orc:3)
  Nergalle (D:11)
  An ice devil (IceCv)
  13 sea snakes
  3 hill giants
  9 naga ritualists
  Pikel (D:7)
  2 lindwurms (Lair:8)
  A harpy (Shoals:1)
  An orc knight (Orc:3)
  10 salamanders
  A griffon (D:10)
  9 mana vipers
  2 manticores
  3 orc sorcerers (Orc:4)
  A cyclops (D:11)
  An elephant (Lair:4)
  4 fauns (Shoals:1)
  A siren (Shoals:1)
  21 naga magi
  3 ice statues
  38 black mambas
  7 torpor snails (Lair:8)
  The ghost of Yendor the Poker, a novice MfGl of Qazlal (D:4)
  11 guardian serpents
  4 komodo dragons
  A yaktaur (shapeshifter) (D:10)
  A fire drake (Lair:1)
  10 spiny frogs
  A redback zombie (D:11)
  2 trolls
  5 polar bears
  6 blue devils (IceCv)
  2 giant leeches (Lair:8)
  A polar bear (shapeshifter) (D:10)
  12 blink frogs
  3 merfolk (Shoals:1)
  4 boulder beetles
  6 snapping turtles (Shoals:1)
  A wind drake (Shoals:1)
  2 wraiths
  A spriggan (D:7)
  Sigmund (D:5)
  A trapdoor spider (D:10)
  7 water elementals (Shoals:1)
  A wyvern (D:11)
  4 deep elf magi
  A steam dragon (Lair:4)
  81 yaks
  A hungry ghost (D:9)
  2 basilisks
  11 hippogriffs
  10 wolves
  Menkaure (D:5)
  57 nagas
  5 wargs
  13 water moccasins
  16 porcupines
  A soldier ant (D:10)
  2 black bears
  32 orc warriors
  3 sky beasts
  A swamp drake (Orc:2)
  3 wasps (Lair:8)
  3 phantoms
  7 ice beasts
  3 slaves (D:7)
  11 ogres
  2 necrophages
  5 centaurs
  15 crocodiles
  2 big kobolds
  15 giant frogs
  3 brain worms (Lair:8)
  A gnoll sergeant (D:8)
  6 scorpions
  7 killer bees
  An electric eel (Shoals:1)
  4 wights (D:8)
  4 giant frog zombies
  4 hounds
  An iron imp (Orc:2)
  7 crimson imps
  31 orc priests
  2 centaur skeletons
  12 iguanas
  2 quasits (D:11)
  Crazy Yiuf (D:2)
  A jelly (D:5)
  41 orc wizards
  11 worker ants
  Jessica (D:2)
  A giant frog skeleton (D:10)
  19 sheep
  A hound skeleton (D:7)
  2 worker ant zombies
  66 river rats
  4 adders
  11 gnolls
  6 white imps
  2 giant eyeballs (D:10)
  6 shadow imps
  10 ufetubi (IceCv)
  An ooze (D:2)
  2 adder skeletons
  17 worms (Lair:8)
  7 giant geckos
  179 orcs
  7 bats
  A giant cockroach (D:1)
  11 hobgoblins
  9 jackals
  25 kobolds
  4 quokkas
  2 ball pythons
  A giant gecko skeleton (D:4)
  A giant gecko zombie (D:6)
  3 giant newts
  13 goblins
  7 rats
  4 bushes (Lair:7)
  17 fungi
  19 plants
1207 creatures vanquished.

Vanquished Creatures (collateral kills)
  A greater naga (Snake:4)
  An orc warlord (Orc:4)
  A minotaur (Lab)
  Josephine (Lair:8)
  2 orc high priests (Orc:4)
  3 death yaks (Lair:5)
  2 naga sharpshooters (Snake:1)
  A fire crab (Lair:5)
  An orc sorcerer (Orc:4)
  3 elephants (Lair:4)
  2 spiny frogs (Lair:5)
  4 komodo dragons
  A minotaur zombie (Lab)
  A freezing wraith (Lair:4)
  4 wraiths (Lair:8)
  A basilisk (Lair:6)
  A water moccasin (Lair:4)
  A warg (Orc:2)
  2 nagas (Snake:4)
  3 orc warriors
  An ice beast (Lair:4)
  An ogre (Orc:2)
  A crocodile (Lair:4)
  5 orc priests
  2 orc wizards
  24 orcs
  A plant (Lair:6)
71 creatures vanquished.

Vanquished Creatures (others)
  A slave (D:10)
  2 sheep (Lair:8)
  3 ufetubi (IceCv)
  3 orcs
  11 fungi
  17 plants
37 creatures vanquished.

Grand Total: 1315 creatures vanquished

Notes
Turn   | Place    | Note
--------------------------------------------------------------
     0 | D:1      | SevInf the Minotaur Berserker began the quest for the Orb.
     0 | D:1      | Reached XP level 1. HP: 19/19 MP: 0/0
    59 | D:1      | Upgraded the game from 0.17.0-7-gfadd4cc to 0.17.0-19-gb37c632
   211 | D:1      | Reached skill level 4 in Fighting
   227 | D:1      | Reached XP level 2. HP: 24/27 MP: 1/1
   787 | D:2      | Noticed Jessica
   816 | D:2      | Killed Jessica
   816 | D:2      | Reached XP level 3. HP: 2/34 MP: 2/2
  1159 | D:2      | Reached ** piety under Trog
  1734 | D:2      | Noticed Crazy Yiuf
  1741 | D:2      | Killed Crazy Yiuf
  1741 | D:2      | Reached skill level 5 in Axes
  1741 | D:2      | Reached XP level 4. HP: 41/41 MP: 3/3
  2228 | D:3      | You fall through a shaft for 3 floors!
  2277 | D:5      | Entered Level 5 of the Dungeon
  2290 | D:5      | Reached skill level 5 in Fighting
  2327 | D:4      | Noticed Yendor's ghost (novice MfGl)
  2351 | D:4      | Killed Yendor's ghost
  2351 | D:4      | Reached skill level 6 in Axes
  2351 | D:4      | Reached XP level 5. HP: 50/50 MP: 4/4
  2351 | D:4      | Reached XP level 6. HP: 57/57 MP: 5/5
  2411 | D:4      | Found a basalt altar of Yredelemnul.
  2412 | D:4      | Found a shattered altar of Ashenzari.
  2412 | D:4      | Found a sparkling altar of Nemelex Xobeh.
  2446 | D:4      | Found a glowing silver altar of Zin.
  2446 | D:4      | Found a shimmering altar of Xom.
  2448 | D:4      | Found a bloodstained altar of Trog.
  2582 | D:3      | Reached skill level 7 in Axes
  3249 | D:3      | Reached XP level 7. HP: 63/63 MP: 6/6
  3288 | D:3      | Reached *** piety under Trog
  3630 | D:4      | Reached skill level 5 in Armour
  3666 | D:4      | Noticed a phantom
  3690 | D:4      | Killed a phantom
  4461 | D:5      | Reached skill level 8 in Axes
  4535 | D:5      | Noticed a necrophage
  4543 | D:5      | Killed a necrophage
  4766 | D:5      | Reached XP level 8. HP: 68/73 MP: 7/7
  4833 | D:5      | Noticed Sigmund
  4838 | D:5      | Killed Sigmund
  4838 | D:5      | Reached skill level 9 in Axes
  4954 | D:5      | Noticed Menkaure
  4959 | D:5      | Killed Menkaure
  5411 | D:5      | Found Paschuar's Food Emporium.
  5627 | D:6      | Noticed an ogre
  5628 | D:6      | Noticed an orc warrior
  5634 | D:6      | Killed an ogre
  5637 | D:6      | Killed an orc warrior
  5640 | D:6      | Reached **** piety under Trog
  5962 | D:6      | Reached skill level 10 in Axes
  6188 | D:6      | Found a shattered altar of Ashenzari.
  6419 | D:6      | Found a white marble altar of Elyvilon.
  6461 | D:7      | Noticed Pikel
  6484 | D:7      | Killed Pikel
  6484 | D:7      | Reached skill level 1 in Evocations
  6484 | D:7      | Reached XP level 9. HP: 82/82 MP: 7/9
  6572 | D:7      | Found a staircase to the Ecumenical Temple.
  6640 | D:7      | Reached skill level 11 in Axes
  7458 | D:8      | Found Lutsoraf's Food Emporium.
  7786 | D:8      | Reached XP level 10. HP: 81/91 MP: 11/11
  8161 | D:9      | Reached ***** piety under Trog
  8599 | D:9      | Received a gift from Trog
  8690 | D:9      | Reached skill level 10 in Fighting
  8690 | D:9      | Reached skill level 12 in Axes
  9331 | D:9      | Reached skill level 5 in Evocations
  9541 | D:9      | Reached skill level 10 in Armour
  9610 | D:10     | Entered Level 10 of the Dungeon
  9628 | D:10     | Noticed a hill giant
  9632 | D:10     | Killed a hill giant
  9685 | D:10     | Reached XP level 11. HP: 90/101 MP: 14/14
  9760 | D:10     | Noticed a manticore
  9761 | D:10     | Noticed a griffon
  9763 | D:10     | Killed a griffon
  9765 | D:10     | Noticed a hill giant
  9766 | D:10     | Killed a manticore
  9770 | D:10     | Killed a hill giant
  9778 | D:10     | Paralysed by a giant eyeball for 2 turns
  9788 | D:10     | Paralysed by a giant eyeball for 3 turns
 10086 | D:10     | Reached skill level 13 in Axes
 10532 | D:10     | Got a bloodstained battleaxe
 10533 | D:10     | Identified the +11 battleaxe of the Madman {flame, Str+4} (You found it on level 10 of the Dungeon)
 10790 | D:10     | Got a steaming granite ring
 10792 | D:10     | Identified the ring of the Briny Deep {*Confuse rN+ Dex+9} (You found it on level 10 of the Dungeon)
 10881 | D:11     | Found a frozen archway.
 10906 | D:11     | Noticed Nergalle
 10909 | D:11     | Killed Nergalle
 10964 | D:11     | Noticed a six-headed hydra
 10970 | D:11     | Killed a three-headed hydra
 11080 | D:11     | Noticed ldierk's ghost (journeyman DDNe)
 11085 | D:11     | Killed ldierk's ghost
 11145 | D:11     | Found a staircase to the Lair.
 11187 | D:11     | Received a gift from Trog
 11351 | IceCv    | Entered an ice cave
 11377 | IceCv    | Reached XP level 12. HP: 112/112 MP: 16/16
 11972 | IceCv    | Noticed an ice devil
 11978 | IceCv    | Killed an ice devil
 12237 | D:11     | Noticed Harold
 12244 | D:11     | Killed Harold
 12244 | D:11     | Reached skill level 14 in Axes
 12408 | D:11     | Found a staircase to the Orcish Mines.
 12419 | D:11     | Received a gift from Trog
 12603 | D:11     | Upgraded the game from 0.17.0-19-gb37c632 to 0.17.0-22-g5edae84
 12604 | Lair:1   | Entered Level 1 of the Lair of Beasts
 14188 | Lair:2   | Noticed Gastronok
 14199 | Lair:2   | Killed Gastronok
 14323 | Lair:2   | Upgraded the game from 0.17.0-22-g5edae84 to 0.17.0-23-g0de4337
 14365 | Lair:3   | Noticed a five-headed hydra
 14456 | Lair:3   | Found a labyrinth entrance.
 14681 | Lair:3   | Killed a four-headed hydra
 14801 | Lab      | Entered a labyrinth
 16695 | Lab      | Noticed a minotaur
 16700 | Lab      | Killed a minotaur
 16700 | Lab      | Reached XP level 13. HP: 122/122 MP: 18/18
 16713 | Lab      | Got an iridescent battleaxe
 16728 | Lab      | Identified the +12 battleaxe of Honesty {pain, rElec} (You found it in a labyrinth)
 16816 | Lair:3   | Received a gift from Trog
 17009 | Lair:3   | Noticed an eight-headed hydra
 17015 | Lair:3   | Killed a six-headed hydra
 17043 | Lair:3   | Noticed an eight-headed hydra
 17059 | Lair:3   | Killed a four-headed hydra
 17059 | Lair:3   | Reached skill level 15 in Axes
 17445 | Lair:3   | You fall through a shaft for 3 floors!
 19212 | Lair:5   | Found a staircase to the Shoals.
 19664 | Lair:5   | Received a gift from Trog
 19937 | Lair:5   | Found a staircase to the Snake Pit.
 20587 | Lair:6   | Reached skill level 10 in Evocations
 20587 | Lair:6   | Reached XP level 14. HP: 133/133 MP: 20/20
 20802 | Lair:6   | Reached skill level 16 in Axes
 21569 | Lair:7   | Reached skill level 15 in Fighting
 22369 | Lair:7   | Found a staircase to the Slime Pits.
 22963 | Lair:7   | Paralysed by a Zot trap for 2 turns
 23110 | Lair:8   | Entered Level 8 of the Lair of Beasts
 23209 | Lair:8   | Noticed Josephine
 23215 | Lair:8   | Killed Josephine
 23372 | Lair:8   | Found a runed door.
 23375 | Lair:8   | Received a gift from Trog
 23415 | Lair:8   | Reached skill level 15 in Armour
 23675 | Lair:8   | Reached skill level 17 in Axes
 24255 | Lair:8   | Received a gift from Trog
 25357 | Orc:1    | Entered Level 1 of the Orcish Mines
 25375 | Orc:1    | Noticed Fannar
 25387 | Orc:1    | Killed Fannar
 25387 | Orc:1    | Received a gift from Trog
 25550 | Orc:1    | Found Rohoz's Magic Scroll Boutique.
 25565 | Orc:1    | Bought a scroll of remove curse for 39 gold pieces
 25565 | Orc:1    | Bought a scroll of recharging for 123 gold pieces
 25565 | Orc:1    | Bought a scroll of enchant weapon for 97 gold pieces
 25565 | Orc:1    | Bought a scroll of acquirement for 676 gold pieces
 25565 | Orc:1    | Bought a scroll of teleportation for 39 gold pieces
 25569 | Orc:1    | Got a fine bone amulet
 25571 | Orc:1    | Identified the amulet "Vothremp" {Faith rF+ Str+4} (You acquired it on level 1 of the Orcish Mines)
 25992 | Orc:1    | Found a roughly hewn altar of Beogh.
 26487 | Orc:2    | Found a roughly hewn altar of Beogh.
 26608 | Orc:2    | Received a gift from Trog
 26891 | Orc:2    | Reached XP level 15. HP: 144/144 MP: 21/21
 26999 | Orc:2    | Reached skill level 1 in Throwing
 27109 | Orc:3    | Received a gift from Trog
 27367 | Orc:3    | Found a staircase to the Elven Halls.
 27481 | Orc:3    | Noticed Sonja
 27567 | Orc:3    | Killed Sonja
 28059 | Orc:4    | Entered Level 4 of the Orcish Mines
 28264 | Orc:4    | Found a roughly hewn altar of Beogh.
 28265 | Orc:4    | Found Xuocun Mich's Antique Armour Shoppe.
 28407 | Orc:4    | Received a gift from Trog
 28464 | Orc:4    | Found a roughly hewn altar of Beogh.
 29135 | Orc:4    | Paralysed by an orc sorcerer for 2 turns
 29207 | Orc:4    | Found a roughly hewn altar of Beogh.
 29210 | Orc:4    | Received a gift from Trog
 29276 | Orc:4    | Found Gobuom's Gadget Shoppe.
 29414 | Orc:4    | Bought a wand of frost (16) for 126 gold pieces
 29414 | Orc:4    | Bought a wand of cold (9) for 364 gold pieces
 29624 | Orc:4    | Received a gift from Trog
 29662 | Orc:4    | Found Qulu's Antique Armour Boutique.
 29666 | Orc:4    | Found a roughly hewn altar of Beogh.
 29682 | Orc:4    | Found Emimoc's Antique Weapon Shop.
 29700 | Orc:4    | Got a dazzling executioner's axe {god gift}
 29701 | Orc:4    | Identified the +2 executioner's axe "Toplaf" {chop, rPois rF+ rN+} (Trog gifted it to you on level 4 of the Orcish Mines)
 30009 | Orc:4    | Found a roughly hewn altar of Beogh.
 30522 | Lair:2   | Upgraded the game from 0.17.0-23-g0de4337 to 0.17.0-24-gcfadda4
 30609 | Snake:1  | Entered Level 1 of the Snake Pit
 30642 | Snake:1  | Noticed Aizul
 30652 | Snake:1  | Killed Aizul
 31101 | Snake:1  | Noticed Nikola
 31121 | Snake:1  | Killed Nikola
 31121 | Snake:1  | Reached skill level 18 in Axes
 31235 | Snake:1  | Noticed Louise
 31254 | Snake:1  | Killed Louise
 31737 | Snake:1  | Got a pair of steaming gloves
 31769 | Snake:1  | Identified the +2 pair of gloves of Peek-a-Boo {*Confuse rC+ MP+9 Stlth+} (You took it off Nikola on level 1 of the Snake Pit)
 31856 | Snake:1  | Noticed deszczowiec's ghost (adept DsWz)
 31868 | Snake:1  | Killed deszczowiec's ghost
 32128 | Snake:1  | Received a gift from Trog
 32989 | Snake:2  | Received a gift from Trog
 33179 | Snake:2  | Received a gift from Trog
 33332 | Snake:2  | Reached skill level 5 in Throwing
 33440 | Snake:2  | Reached XP level 16. HP: 101/154 MP: 22/22
 34561 | Snake:2  | Reached ****** piety under Trog
 34643 | Snake:2  | Noticed a greater naga
 34648 | Snake:2  | Killed a greater naga
 34673 | Snake:2  | Received a gift from Trog
 35892 | Snake:3  | Got an ancient ring mail
 35903 | Snake:3  | Identified the +1 ring mail "Uwut" {rPois rN+ Str-2 Int+5} (You found it on level 3 of the Snake Pit)
 36073 | Snake:3  | Received a gift from Trog
 36362 | Snake:4  | Entered Level 4 of the Snake Pit
 36385 | Snake:4  | Found Obbibumu's Jewellery Shoppe.
 36405 | Snake:4  | Bought an uncursed ring of flight for 280 gold pieces
 36405 | Snake:4  | Bought an uncursed ring of invisibility for 480 gold pieces
 36897 | Snake:4  | Reached skill level 19 in Axes
 37409 | Snake:4  | Received a gift from Trog
 37689 | Snake:4  | Reached XP level 17. HP: 154/163 MP: 23/23
 37708 | Snake:4  | Received a gift from Trog
 37793 | Snake:4  | Got a serpentine rune of Zot
 37997 | Snake:4  | Received a gift from Trog
 38023 | Snake:4  | Found Oliorphuu's Jewellery Emporium.
 38515 | Snake:4  | Found Gichyar's Armour Emporium.
 38517 | Snake:4  | Found Darphior's Jewellery Shoppe.
 38522 | Snake:4  | Bought a +1 pair of boots for 149 gold pieces
 38522 | Snake:4  | Bought a +1 cloak of invisibility for 214 gold pieces
 38923 | Shoals:1 | Entered Level 1 of the Shoals
 38984 | Shoals:1 | Noticed Donald
 39301 | Shoals:1 | Killed Donald
 39753 | Shoals:1 | Received a gift from Trog
 39894 | Shoals:1 | Received a gift from Trog
 39903 | Shoals:1 | Drowned by a drowned soul

Action                   |  1- 3 |  4- 6 |  7- 9 | 10-12 | 13-15 | 16-18 || total
-------------------------+-------+-------+-------+-------+-------+-------++-------
Melee: Hand axe          |    94 |   138 |    43 |       |       |       ||   275
       Broad axe         |       |       |   253 |    75 |       |       ||   328
       Executioner's axe |       |       |       |   138 |       |       ||   138
       Battleaxe         |       |       |       |   259 |   955 |   418 ||  1632
 Fire: Blowgun           |       |       |       |       |     4 |       ||     4
Throw: Tomahawk          |       |       |       |       |    14 |    33 ||    47
       Javelin           |       |       |       |       |       |     1 ||     1
Invok: Berserk           |     1 |     3 |    12 |    11 |     9 |     7 ||    43
       Trog's Hand       |       |     1 |       |       |     3 |     4 ||     8
       Burn Spellbooks   |       |       |     1 |     3 |     4 |       ||     8
       Brothers in Arms  |       |       |       |     3 |    20 |     1 ||    24
 Abil: Evoke Flight      |       |       |       |       |       |     4 ||     4
Evoke: Wand              |       |     1 |     5 |    14 |    33 |    10 ||    63
  Use: Scroll            |       |     6 |    15 |     7 |    12 |     3 ||    43
       Potion            |       |       |       |       |     2 |     5 ||     7
 Stab: Confused          |       |     1 |     1 |       |       |       ||     2
       Distracted        |       |       |       |       |     1 |       ||     1
  Eat: Chunk             |     3 |     9 |    21 |    22 |    48 |     1 ||   104
       Meat ration       |       |       |     1 |     1 |       |     1 ||     3
       Fruit             |       |       |     1 |     1 |     3 |     2 ||     7
       Beef jerky        |       |       |       |     1 |     1 |     2 ||     4
       Bread ration      |       |       |       |     4 |     3 |     4 ||    11
